 Dungeon Crawl Stone Soup version 0.23-a0-33-g1e3a2e4e2f (webtiles) character file.

154858 Jupotter the Warrior (level 17, -5/159 HPs)
             Began as a Minotaur Monk on Aug 5, 2018.
             Was a High Priest of Okawaru.
             Slain by a six-headed hydra (9 damage)
             ... called by a spriggan druid
             ... on level 4 of the Swamp.
             The game lasted 02:09:01 (24839 turns).

Jupotter the Warrior (Minotaur Monk)               Turns: 24839, Time: 02:09:02

Health: -5/159     AC: 41    Str: 27    XL:     17   Next: 7%
Magic:  27/32      EV: 19    Int: 10    God:    Okawaru [*****.]
Gold:   902        SH: 10    Dex: 18    Spells: 16/16 levels left

rFire    . . .     SeeInvis .   A - +9 war axe of Dust {venom, *Drain +Inv Int+2 Dex+4}
rCold    . . .     Gourm    .   Y - +1 buckler {reflect}
rNeg     . . .     Faith    .   K - +13 plate armour "Xusyimpi" {+Fly rPois MP+9 Int-2}
rPois    +         Spirit   .   P - +2 hat {MR+}
rElec    .         Reflect  +   l - scarf {repulsion}
rCorr    .         Harm     .   T - +1 pair of gloves {Str+3}
MR       +++..                  o - +2 pair of boots
Stlth    ..........             p - amulet of rage {+Rage, !d}
HPRegen  0.36/turn              z - +5 ring of strength
MPRegen  0.23/turn              F - ring of protection from magic {MR+, !d}

@: about to teleport, heroism, finesse, repel missiles
A: retaliatory headbutt, horns 2
a: Heroism, Finesse, Renounce Religion, Evoke Berserk Rage, Evoke Invisibility,
Evoke Flight


You were on level 4 of the Swamp.
You worshipped Okawaru.
Okawaru was extremely pleased with you.
You were very hungry.

You visited 5 branches of the dungeon, and saw 28 of its levels.
You visited the Abyss 1 time.
You visited 1 bazaar.
You also visited: Volcano.

You collected 2817 gold pieces.
You spent 1915 gold pieces at shops.

Inventory:

Hand Weapons
 a - a +0 blowgun
 A - the +9 war axe of Dust (weapon) {venom, *Drain +Inv Int+2 Dex+4}
   (Okawaru gifted it to you on level 13 of the Dungeon)

   It poisons the flesh of those it strikes.
   It affects your intelligence (+2).
   It affects your dexterity (+4).
   It lets you turn invisible.
   It causes draining when unequipped.
Missiles
 h - 6 tomahawks of returning
 n - 2 throwing nets {=f, !d}
 L - 4 steel tomahawks (quivered)
 S - 10 curare-tipped needles
Armour
 l - a scarf of repulsion (worn)
 o - a +2 pair of boots (worn)
 K - the +13 plate armour "Xusyimpi" (worn) {+Fly rPois MP+9 Int-2}
   (You took it off an orc on level 8 of the Dungeon)

   It affects your intelligence (-2).
   It protects you from poison.
   It affects your magic capacity (+9).
   It lets you fly.
 P - a +2 hat of magic resistance (worn)
 T - a +1 pair of gloves of strength (worn)
 Y - a +1 buckler of reflection (worn)
Jewellery
 p - an amulet of rage (around neck) {+Rage, !d}
 z - a +5 ring of strength (left hand)
 F - a ring of protection from magic (right hand) {MR+, !d}
 R - a +5 ring of intelligence
 Z - the ring of Doubts {rC+ Int+4 Stlth+}
   (You found it on level 6 of the Lair of Beasts)

   [ring of intelligence]

   It affects your intelligence (+4).
   It protects you from cold.
   It makes you more stealthy.
Wands
 d - a wand of scattershot (9)
 t - a wand of disintegration (19)
 y - a wand of polymorph (28)
 B - a wand of paralysis (18)
 C - a wand of iceblast (23)
 X - a wand of acid (17)
Scrolls
 i - 10 scrolls of teleportation
 j - 2 scrolls of immolation {!r}
 m - a scroll of torment {!r}
 s - 4 scrolls of fear
 u - 5 scrolls of magic mapping {!r}
 x - 3 scrolls of blinking {!r}
 E - a scroll of remove curse
 N - 3 scrolls of summoning
 O - 4 scrolls of fog
Potions
 b - 2 potions of haste
 e - 2 potions of agility
 f - 2 potions of ambrosia
 k - 3 potions of flight
 v - 3 potions of berserk rage {!q}
 w - 6 potions of heal wounds
 D - 8 potions of curing
 J - 3 potions of resistance
 M - 3 potions of might
Miscellaneous
 g - a fan of gales (inert)
 r - a fan of gales (inert)
 I - a box of beasts
Comestibles
 c - 54 rations


   Skills:
 * Level 16.3(21.3) Fighting
 - Level 16.0(21.0) Axes
 + Level 9.6(14.6) Throwing
 * Level 15.6(20.6) Armour
 + Level 11.4(16.4) Dodging
 - Level 1.5(6.5) Stealth
 * Level 14.1(19.1) Shields
 + Level 10.1 Invocations


You had 16 spell levels left.
You didn't know any spells.
Your spell library contained the following spells:

 Spells                   Type           Power        Failure   Level  Hunger
 Cause Fear               Hex            #.........   100%        4    #####..
 Fireball                 Conj/Fire      #.........   100%        5    ######.
 Apportation              Tloc           #.....       86%         1    ##.....
 Conjure Flame            Conj/Fire      #.......     99%         3    ####...
 Invisibility             Hex            #.......     100%        6    #######
 Throw Flame              Conj/Fire      #.....       95%         2    ###....
 Animate Dead             Necr           N/A          100%        4    #####..
 Pain                     Necr           #...         86%         1    ##.....
 Animate Skeleton         Necr           N/A          86%         1    ##.....
 Vampiric Draining        Necr           #.........   99%         3    ####...
 Sticky Flame             Conj/Fire      #.......     100%        4    #####..
 Regeneration             Chrm/Necr      #.........   99%         3    ####...
 Tukima's Dance           Hex            #.......     99%         3    ####...
 Statue Form              Tmut/Erth      #........    100%        6    #######
 Dragon Form              Tmut           #.........   100%        7    #######
 Deflect Missiles         Chrm/Air       #.........   100%        6    #######
 Flame Tongue             Conj/Fire      #....        86%         1    ##.....
 Summon Butterflies       Summ           #.......     86%         1    ##.....
 Silence                  Hex/Air        #.........   100%        5    ######.
 Alistair's Intoxication  Tmut/Pois      #.......     100%        5    ######.
 Shroud of Golubria       Chrm/Tloc      #.........   95%         2    ###....
 Inner Flame              Hex/Fire       #.......     99%         3    ####...
 Infusion                 Chrm           #...         86%         1    ##.....
 Song of Slaying          Chrm           #.......     95%         2    ###....
 Spectral Weapon          Hex/Chrm       #.......     99%         3    ####...
 Discord                  Hex            #.........   100%        8    #######
 Hydra Form               Tmut           #.........   100%        6    #######
 Irradiate                Conj/Tmut      #.........   100%        5    ######.
 Yara's Violent Unravell  Hex/Tmut       #.........   100%        5    ######.
 Lesser Beckoning         Tloc           #.........   99%         3    ####...


Dungeon Overview and Level Annotations

Branches:
Dungeon (15/15)            Temple (1/1) D:7            Lair (6/6) D:9
  Swamp (4/4) Lair:4       Spider (0/4) Lair:2        Slime (0/5) Lair:6
    Orc (2/2) D:11            Elf (0/3) Orc:2        Vaults (0/5) D:13
 Depths (0/5) D:15

Altars:
Ashenzari
Cheibriados
Dithmenos
Elyvilon
Fedhas
Gozag
Hepliaklqana
Kikubaaqudgha
Makhleb
Nemelex Xobeh
Okawaru
Qazlal
Ru
Sif Muna
Trog
Uskayaw
Vehumet
Wu Jian
Xom
Yredelemnul
Zin
The Shining One
Beogh
Jiyva

Shops:
D:7 [   D:8 *   D:9 [   D:13 [:??   D:15 [   Orc:1 %   Orc:2 [=(*[*

Annotations:
D:11 1 runed door, Fandomethor's ghost, journeyman GrFi
Lair:2 exclusion: 4 oklob plants


Innate Abilities, Weirdness & Mutations

You reflexively headbutt those who attack you in melee.
You have a pair of horns on your head.


Message History

The ten-headed hydra bites you but does no damage. x2
The ten-headed hydra barely misses you. The ten-headed hydra misses you.
Okay, then.
A fierce wind blows from the fan.
The swamp dragon and the swamp drake are blown away by the wind.
The 14-headed hydra barely misses you. The 14-headed hydra bites you.
* * * LOW HITPOINT WARNING * * *
The 14-headed hydra bites you but does no damage.
You block the 14-headed hydra's attack. x2; The 14-headed hydra misses you.
The 14-headed hydra barely misses you. You block the 14-headed hydra's attack.
The 14-headed hydra closely misses you.
The 14-headed hydra completely misses you.
The 14-headed hydra bites you but does no damage. x3
You block the 14-headed hydra's attack.
You block the six-headed hydra's attack.
The six-headed hydra bites you!
* * * LOW HITPOINT WARNING * * *
The six-headed hydra bites you but does no damage. x2
The six-headed hydra bites you!
You die...

♣.§≈≈≈≈≈≈≈♣
♣.≈≈≈≈≈≈≈≈♣
♣..≈≈≈≈≈≈.♣
♣...≈≈≈..♣
♣≈≈≈≈≈≈≈≈♣♣
♣≈≈≈≈≈≈≈≈≈♣
♣.≈≈.k≈≈.♣
♣.≈.D.D≈♣♣
♣♣≈♣♣@)§♣
♣♣♣♣D)♣♣♣
♣..≈)D.♣
♣.<♣[≈≈♣
♣≈≈≈.≈≈≈♣
≈≈..≈≈..≈§♣♣
$..§(..≈≈.♣
♣♣♣♣♣♣♣≈.≈.♣
♣♣♣.♣♣


You could see a 14-headed hydra, a ten-headed hydra, a six-headed hydra, a swamp
dragon and a swamp drake.

Vanquished Creatures
  Rupert (D:12)
  A lich (Abyss:1)
  Kirke (D:13)
  A thorn hunter (Swamp:3)
  The ghost of NeAGen181 the Warrior, a journeyman HOFi of Beogh (Swamp:2)
  An orc warlord (Orc:2)
  Louise (D:15)
  An ettin (Orc:2)
  Erolcha (D:10)
  Snorg (D:13)
  15 hydras
  The ghost of Flugkiller the Grappler, a novice TrWr of Dithmenos (Lair:1)
  2 catoblepae (Lair:5)
  7 centaur warriors
  Erica (D:8)
  A death knight (D:15)
  9 two-headed ogres
  5 alligators
  6 orc high priests (Orc:2)
  A vampire mage (D:9)
  A tengu warrior (D:15)
  13 death yaks
  A thrashing horror (Abyss:1)
  Sonja (D:10)
  Nergalle (D:10)
  A wretched star (Abyss:1)
  7 skeletal warriors
  A spriggan druid (Swamp:4)
  A flayed ghost (D:15)
  5 unseen horrors
  A large abomination (Abyss:1)
  Pikel (D:6)
  2 phantasmal warriors (D:15)
  3 swamp dragons
  2 necromancers
  5 orc knights
  A fire giant zombie (D:15)
  A wolf spider (D:13)
  A stone giant zombie (D:15)
  26 ugly things
  5 manticores
  2 orc sorcerers (Orc:2)
  A deep elf mage (D:14)
  6 cyclopes
  A moth of wrath (shapeshifter) (D:13)
  A stone giant skeleton (D:15)
  8 elephants
  2 black mambas
  A torpor snail (Lair:3)
  14 spiny frogs
  A centaur skeleton (D:13)
  A kobold demonologist (D:14)
  A komodo dragon (shapeshifter) (D:13)
  6 komodo dragons
  A yaktaur (D:15)
  A tengu conjurer (D:14)
  6 trolls
  3 meliai (D:15)
  10 hornets
  13 polar bears
  3 tyrant leeches
  24 blink frogs
  Prince Ribbit (D:7)
  2 dream sheep (Lair:6)
  9 slime creatures (Swamp:1)
  Grinder (D:4)
  9 bog bodies
  A deep troll zombie (D:15)
  11 hippogriffs
  A water elemental (D:15)
  3 redbacks (Lair:2)
  14 spriggans
  Sigmund (D:4)
  2 shadows (D:15)
  6 wyverns
  10 hogs
  17 humans
  6 fire bats
  A wraith (D:11)
  2 basilisks
  A small abomination (Abyss:1)
  32 yaks
  A hungry ghost (D:13)
  Menkaure (D:7)
  18 insubstantial wisps
  4 wargs
  22 vampire mosquitoes
  11 swamp worms
  2 acid dragons
  12 porcupines
  37 orc warriors
  Purgy (D:4)
  12 water moccasins
  5 swamp drakes
  3 slaves (D:6)
  9 black bears
  2 phantoms
  A hornet zombie (D:11)
  8 ice beasts
  7 sky beasts
  An eye of draining (D:8)
  12 ogres
  23 wolves
  15 centaurs
  3 necrophages
  3 boggarts (Lair:6)
  14 crocodiles
  3 big kobolds
  14 bullfrogs
  A wyvern zombie (D:14)
  2 wyvern skeletons
  12 killer bees
  5 scorpions
  8 wights
  5 howler monkeys
  7 crimson imps
  A bullfrog zombie (D:12)
  4 centaur zombies
  4 quasits
  A jelly (D:14)
  18 orc wizards
  4 hounds
  A gnoll shaman (Orc:1)
  11 orc priests
  A bullfrog skeleton (D:12)
  Jessica (D:3)
  5 iguanas
  Natasha (twice) (D:4)
  4 polar bear simulacra (Lair:6)
  10 worker ants
  A wolf simulacrum (Lair:6)
  3 yak simulacra (Lair:6)
  2 howler monkey zombies
  4 gnolls (Orc:1)
  16 adders
  3 shadow imps
  An ooze (D:3)
  2 adder skeletons
  2 worms
  7 dart slugs
  6 leopard geckos
  82 orcs
  A ball python (D:3)
  8 bats
  9 giant cockroaches
  4 goblins (D:1)
  6 hobgoblins
  12 jackals
  7 quokkas
  A ball python zombie (D:5)
  8 frilled lizards
  16 kobolds
  A leopard gecko skeleton (D:6)
  A leopard gecko zombie (D:5)
  A quokka skeleton (D:5)
  A quokka zombie (D:7)
  8 rats
  3 river rat simulacra (Lair:6)
  6 briar patches (Swamp:3)
  4 fungi
  4 plants
  A withered plant (D:15)
956 creatures vanquished.

Vanquished Creatures (others)
  A hornet (Swamp:2)
  A centaur (Volcano)
  A kobold (D:14)
  A briar patch (Swamp:3)
  A fungus (Lair:2)
  22 plants
  A withered plant (D:15)
28 creatures vanquished.

Grand Total: 984 creatures vanquished

Notes
Turn   | Place    | Note
-------+----------+-------------------------------------------
     0 | D:1      | Jupotter the Minotaur Monk began the quest for the Orb.
     0 | D:1      | Reached XP level 1. HP: 19/19 MP: 0/0
    48 | D:1      | Reached skill level 1 in Armour
    48 | D:1      | Reached XP level 2. HP: 4/27 MP: 1/1
   589 | D:1      | Reached XP level 3. HP: 33/33 MP: 2/2
  1520 | D:2      | Found a sparkling altar of Nemelex Xobeh.
  1520 | D:2      | Found an opulent altar of Gozag.
  1650 | D:3      | Reached XP level 4. HP: 30/41 MP: 3/3
  1988 | D:3      | Reached skill level 5 in Fighting
  1988 | D:3      | Reached skill level 5 in Axes
  1988 | D:3      | Reached XP level 5. HP: 11/48 MP: 4/4
  2540 | D:3      | Noticed Jessica
  2546 | D:3      | Killed Jessica
  2630 | D:3      | Reached XP level 6. HP: 44/56 MP: 5/5
  2869 | D:4      | Found an iron altar of Okawaru.
  2890 | D:4      | Became a worshipper of Warmaster Okawaru
  2890 | D:4      | Reached * piety under Okawaru
  2890 | D:4      | Reached ** piety under Okawaru
  2907 | D:4      | Noticed Grinder
  2919 | D:4      | Killed Grinder
  2919 | D:4      | Reached skill level 5 in Armour
  2919 | D:4      | Reached XP level 7. HP: 54/64 MP: 6/6
  3021 | D:4      | Noticed Natasha
  3033 | D:4      | Killed Natasha
  3041 | D:4      | Noticed Sigmund
  3060 | D:4      | Killed Sigmund
  3060 | D:4      | Reached skill level 1 in Invocations
  3194 | D:4      | Noticed Purgy
  3201 | D:4      | Killed Purgy
  3201 | D:4      | Reached *** piety under Okawaru
  3208 | D:4      | Reached skill level 1 in Throwing
  3217 | D:4      | Reached XP level 8. HP: 62/73 MP: 8/8
  3340 | D:4      | Noticed Natasha
  3346 | D:4      | Killed Natasha
  3360 | D:5      | Entered Level 5 of the Dungeon
  3591 | D:5      | Found a deep blue altar of Sif Muna.
  4092 | D:6      | Noticed Pikel
  4096 | D:6      | Found an ancient bone altar of Kikubaaqudgha.
  4109 | D:6      | Killed Pikel
  4109 | D:6      | Reached **** piety under Okawaru
  4110 | D:6      | Found a glowing golden altar of the Shining One.
  4110 | D:6      | Found a radiant altar of Vehumet.
  4211 | D:6      | Found an ornate altar of the Wu Jian Council.
  4286 | D:6      | Reached XP level 9. HP: 81/81 MP: 10/10
  4291 | D:6      | Reached skill level 5 in Dodging
  4393 | D:6      | Found a shimmering altar of Xom.
  5048 | D:7      | Noticed Prince Ribbit
  5068 | D:7      | Killed Prince Ribbit
  5181 | D:7      | Found a bloodstained altar of Trog.
  5198 | D:7      | Found a shadowy altar of Dithmenos.
  5245 | D:7      | Noticed Menkaure
  5251 | D:7      | Killed Menkaure
  5251 | D:7      | Reached ***** piety under Okawaru
  5316 | D:7      | Found a burning altar of Makhleb.
  5446 | D:7      | Found Eti Ysae's Armour Shop.
  5455 | D:7      | Bought the cursed +0 pair of boots of Wu Jian's Esteem {MR+} for 155 gold pieces
  5484 | D:7      | Found a staircase to the Ecumenical Temple.
  5490 | Temple   | Entered the Ecumenical Temple
  5597 | D:7      | Received a gift from Okawaru
  5742 | D:8      | Found a huge runed gate.
  5743 | D:8      | Noticed a polar bear
  5744 | D:8      | Noticed a two-headed ogre
  5755 | D:8      | Killed a two-headed ogre
  5755 | D:8      | Reached skill level 5 in Invocations
  5755 | D:8      | Reached XP level 10. HP: 70/91 MP: 2/12
  5831 | D:8      | Found a huge runed gate.
  5831 | D:8      | Found a huge runed gate.
  5831 | D:8      | Found a huge runed gate.
  5832 | D:8      | Noticed a manticore
  5953 | D:8      | Got a fine plate armour
  6085 | D:8      | Identified the +13 plate armour "Xusyimpi" {+Fly rPois MP+9 Int-2} (You took it off an orc on level 8 of the Dungeon)
  6214 | D:8      | Reached skill level 1 in Shields
  6337 | D:8      | Noticed Erica
  6349 | D:8      | Killed Erica
  6431 | D:8      | Found Huluboj's Assorted Antiques.
  6437 | D:8      | Bought a potion of curing for 102 gold pieces
  6437 | D:8      | Bought a potion of curing for 102 gold pieces
  6509 | D:9      | Noticed a two-headed ogre
  6526 | D:9      | Killed a two-headed ogre
  6526 | D:9      | Reached skill level 10 in Fighting
  6526 | D:9      | Reached skill level 10 in Axes
  6742 | D:9      | Found Pemayczeo's Antique Armour Emporium.
  6749 | D:9      | Noticed a two-headed ogre
  6750 | D:9      | Noticed a two-headed ogre
  6756 | D:9      | Received a gift from Okawaru
  6763 | D:9      | Killed a two-headed ogre
  6769 | D:9      | Killed a two-headed ogre
  6769 | D:9      | Received a gift from Okawaru
  6769 | D:9      | Reached XP level 11. HP: 28/101 MP: 14/14
  7273 | D:9      | Noticed a vampire mage
  7295 | D:9      | Noticed a phantasmal warrior
  7299 | D:9      | Killed a vampire mage
  7486 | D:9      | Noticed a two-headed ogre
  7494 | D:9      | Killed a two-headed ogre
  7494 | D:9      | Reached skill level 5 in Shields
  7496 | D:9      | Found a staircase to the Lair.
  8294 | D:10     | Entered Level 10 of the Dungeon
  8300 | D:10     | Reached skill level 5 in Throwing
  8356 | D:10     | Noticed Nergalle
  8356 | D:10     | Noticed Erolcha
  8356 | D:10     | Paralysed by Erolcha for 7 turns
  8370 | D:10     | Killed Nergalle
  8374 | D:10     | Killed Erolcha
  8374 | D:10     | Received a gift from Okawaru
  8475 | D:10     | Noticed Sonja
  8485 | D:10     | Cast into level 1 of the Abyss (Sonja)
  8502 | Abyss:1  | Reached skill level 10 in Armour
  8513 | Abyss:1  | Noticed a thrashing horror
  8540 | Abyss:1  | Noticed a large abomination
  8561 | Abyss:1  | Noticed a wretched star
  8569 | Abyss:1  | Killed a large abomination
  8569 | Abyss:1  | Reached ****** piety under Okawaru
  8573 | Abyss:1  | Noticed a lich
  8579 | Abyss:1  | Killed a thrashing horror
  8580 | Abyss:1  | Killed a wretched star
  8588 | Abyss:1  | Killed a lich
  8588 | Abyss:1  | Reached XP level 12. HP: 20/110 MP: 14/14
  8590 | D:10     | Escaped the Abyss
  9313 | D:10     | Killed Sonja
  9313 | D:10     | Received a gift from Okawaru
  9984 | D:11     | Found a runed door.
  9985 | D:11     | Noticed Fandomethor's ghost (journeyman GrFi)
 10076 | D:11     | Found a staircase to the Orcish Mines.
 10254 | D:12     | Noticed Rupert
 10273 | D:12     | Killed Rupert
 10595 | D:12     | Noticed a two-headed ogre
 10605 | D:12     | Killed a two-headed ogre
 10685 | D:12     | Reached XP level 13. HP: 93/119 MP: 17/17
 10968 | D:13     | Found a gate to the Vaults.
 10988 | D:13     | Received a gift from Okawaru
 11178 | D:13     | Got a crystal war axe {god gift}
 11184 | D:13     | Identified the +9 war axe of Dust {venom, *Drain +Inv Int+2 Dex+4} (Okawaru gifted it to you on level 13 of the Dungeon)
 11185 | D:13     | Noticed Snorg
 11197 | D:13     | Killed Snorg
 11237 | D:13     | Found Meugiac's Antique Armour Shop.
 11243 | D:13     | Bought a distressingly furry buckler for 237 gold pieces
 11253 | D:13     | Identified the +1 buckler "Saetinan" {rElec Str+2 Stlth-} (You bought it in a shop on level 13 of the Dungeon)
 11296 | D:13     | Found Niygugakh's Book Emporium.
 11298 | D:13     | Noticed Kirke
 11319 | D:13     | Killed Kirke
 11319 | D:13     | Received a gift from Okawaru
 11333 | D:13     | Found a flickering gateway to a bazaar.
 11346 | Bazaar   | Entered a bazaar
 11351 | Bazaar   | Found Ogasaa's Antique Weapon Shop.
 11352 | Bazaar   | Found Derphil's Book Boutique.
 11377 | Bazaar   | Found Vickik Isut's General Store.
 11377 | Bazaar   | Found Vavudar's Antique Weapon Emporium.
 11404 | Bazaar   | Bought a potion of curing for 36 gold pieces
 11412 | Bazaar   | Found Urut's Armour Shop.
 11439 | Bazaar   | Found Kixidduu's Assorted Antiques.
 11444 | Bazaar   | Bought a lumpy golden potion for 16 gold pieces
 11820 | D:13     | Found Lijiaz's Magic Scroll Shop.
 11826 | D:13     | Bought a scroll of identify for 30 gold pieces
 11959 | D:13     | Found Seot's Magic Scroll Shop.
 11962 | D:13     | Bought a scroll of identify for 28 gold pieces
 11976 | D:13     | Found a hazy altar of Hepliaklqana.
 12310 | Lair:1   | Entered Level 1 of the Lair of Beasts
 12353 | Lair:1   | Found a transporter.
 12355 | Lair:1   | Noticed Flugkiller's ghost (novice TrWr)
 12359 | Lair:1   | Found a transporter.
 12730 | Lair:1   | Received a gift from Okawaru
 12730 | Lair:1   | Reached skill level 10 in Shields
 12735 | Lair:1   | Received a gift from Okawaru
 13323 | D:8      | Reached XP level 14. HP: 119/129 MP: 19/19
 13902 | Lair:2   | Found a hole to the Spider Nest.
 14857 | Lair:3   | Found a dark tunnel.
 14882 | Volcano  | Entered a volcano
 15879 | Lair:4   | Received a gift from Okawaru
 16149 | Lair:4   | Reached skill level 10 in Dodging
 16302 | Lair:4   | Found a staircase to the Swamp.
 17132 | Lair:6   | Entered Level 6 of the Lair of Beasts
 17233 | Lair:6   | Reached XP level 15. HP: 135/139 MP: 20/20
 17446 | Lair:6   | Received a gift from Okawaru
 17517 | Lair:6   | Got a slimy amber ring
 17580 | Lair:6   | Identified the ring of Doubts {rC+ Int+4 Stlth+} (You found it on level 6 of the Lair of Beasts)
 17760 | Lair:6   | Found a viscous altar of Jiyva.
 17760 | Lair:6   | Found a staircase to the Slime Pits.
 18979 | D:14     | Reached skill level 15 in Fighting
 19000 | D:14     | Reached skill level 15 in Axes
 19379 | D:15     | Entered Level 15 of the Dungeon
 19463 | D:15     | Found a staircase to the Depths.
 19500 | D:15     | Received a gift from Okawaru
 19550 | D:15     | Found Cegudej's Antique Armour Emporium.
 19571 | D:15     | Bought an embroidered hat for 161 gold pieces
 20053 | D:15     | Reached XP level 16. HP: 86/149 MP: 22/22
 20565 | D:15     | Noticed Louise
 20572 | D:15     | Received a gift from Okawaru
 20602 | D:15     | Killed Louise
 20823 | Orc:1    | Entered Level 1 of the Orcish Mines
 20829 | Orc:1    | Received a gift from Okawaru
 20931 | Orc:2    | Entered Level 2 of the Orcish Mines
 20931 | Orc:2    | Found Kyupaf's Antique Armour Emporium.
 20931 | Orc:2    | Found Afuzaf's Jewellery Shoppe.
 21107 | Orc:2    | Received a gift from Okawaru
 21201 | Orc:2    | Found a roughly hewn altar of Beogh.
 21235 | Orc:2    | Found a roughly hewn altar of Beogh.
 21288 | Orc:2    | Found Depric's General Store.
 21306 | Orc:2    | Bought a potion of heal wounds for 70 gold pieces
 21306 | Orc:2    | Bought a ration for 70 gold pieces
 21306 | Orc:2    | Bought a ration for 70 gold pieces
 21306 | Orc:2    | Bought a potion of lignification for 42 gold pieces
 21332 | Orc:2    | Found Jinenise's Antique Weapon Emporium.
 21365 | Orc:2    | Found a staircase to the Elven Halls.
 21394 | Orc:2    | Found Xetoyrag's Antique Armour Shop.
 21735 | Orc:2    | Found Xasos's Food Shoppe.
 21738 | Orc:2    | Bought a ration for 55 gold pieces
 21738 | Orc:2    | Bought a ration for 55 gold pieces
 21738 | Orc:2    | Bought a ration for 55 gold pieces
 21738 | Orc:2    | Bought a ration for 55 gold pieces
 21738 | Orc:2    | Bought a ration for 55 gold pieces
 21738 | Orc:2    | Bought a ration for 55 gold pieces
 21738 | Orc:2    | Bought a ration for 55 gold pieces
 21738 | Orc:2    | Bought a ration for 55 gold pieces
 21738 | Orc:2    | Bought a ration for 55 gold pieces
 21738 | Orc:2    | Bought a ration for 55 gold pieces
 21738 | Orc:2    | Bought a ration for 55 gold pieces
 21738 | Orc:2    | Bought a ration for 55 gold pieces
 21738 | Orc:2    | Bought a ration for 55 gold pieces
 21738 | Orc:2    | Bought a ration for 55 gold pieces
 21811 | Orc:2    | Found Rigebuhe's General Store.
 21826 | Orc:2    | Bought a scroll of identify for 26 gold pieces
 22064 | Orc:1    | Reached skill level 15 in Armour
 22148 | Orc:1    | Found Sizong's Food Shop.
 22588 | Lair:1   | Killed Flugkiller's ghost
 22727 | Swamp:1  | Entered Level 1 of the Swamp
 23483 | Swamp:2  | Received a gift from Okawaru
 23484 | Swamp:2  | Found the +4 arc blade {discharge, rElec}
 23537 | Swamp:2  | Reached skill level 10 in Invocations
 23808 | Swamp:2  | Found a runed door.
 23808 | Swamp:2  | Noticed NeAGen181's ghost (journeyman HOFi)
 23862 | Swamp:2  | Killed NeAGen181's ghost
 24408 | Swamp:3  | Reached XP level 17. HP: 158/158 MP: 23/23
 24791 | Swamp:4  | Entered Level 4 of the Swamp
 24804 | Swamp:4  | Received a gift from Okawaru
 24839 | Swamp:4  | HP: 4/159 [six-headed hydra[a spriggan druid] (8)]
 24839 | Swamp:4  | Slain by a six-headed hydra

Vault maps used:
D:1:      minmay_arrival_shattered_statue, minmay_lizard_pond
D:2:      grunt_temple_overflow_opulence, first_ration
D:3:      uniq_jessica
D:4:      okawaru_ov_weapons_minmay, uniq_natasha, uniq_sigmund, uniq_purgy,
          uniq_grinder
D:5:      lemuel_blue_sif_altar
D:6:      grunt_temple_overflow_open, xom_butterflies, uniq_pikel
D:7:      grunt_dithmenos_smoke_and_mirrors, marbit_many_paths, kennysheep_mini,
          minmay_temple_entry_fiery, serial_shops, nicolae_shop_waterfront,
          uniq_menkaure, uniq_prince_ribbit1
D:8:      lemuel_bear_cage, serial_shops, kennysheep_little_box,
          grunt_livestock, uniq_erica
D:9:      david_lair_generic, serial_shops, shop, minmay_misc_feat_room,
          minmay_librarian
D:10:     hex_intersection, uniq_nergalle, uniq_sonja, uniq_erolcha
D:11:     orc_0_dummy, ebering_ghost_inner_flame
D:12:     uniq_rupert
D:13:     david_vaults_3, basic_altar, serial_shops, bzr_entry_dummy,
          shop_statue, nicolae_shop_statue_plus, shop, shop, uniq_snorg,
          uniq_kirke
D:15:     gammafunk_depths_entry_grave, serial_bayou_lagoon_a, serial_shops,
          nicolae_shop_behind_doors, uniq_louise
Temple:   nicolae_temple_x_marks_the_god
Lair:1:   gammafunk_ghost_arena, grunt_megastairs_2
Lair:2:   spider_nest_entry_webs, grunt_megastairs_4, lemuel_fruit_fields,
          minmay_lair_oklob_chamber
Lair:3:   nicolae_volcano_entry_batcave
Lair:4:   minmay_swamp_entry_worms, infiniplex_staircase_pool_2
Lair:5:   serial_bayou_shore_a, lemuel_fruit_fields
Lair:6:   minmay_lair_end_enchanted_forest, dpeg_slime_entry_enclosed_altar,
          eino_house_with_fridge
Swamp:1:  evilmike_swamp_ruin_rubble_1, infiniplex_staircase_pool
Swamp:2:  gammafunk_ghost_grave, hangedman_swamp_pad, swamp_pool3
Swamp:3:  hangedman_swamp_lotus
Swamp:4:  swamp_vile
Orc:1:    serial_shops, shop
Orc:2:    grunt_orc_gardens, grunt_orc_garden, grunt_orc_garden,
          grunt_orc_garden, grunt_orc_garden, serial_shops, shop_coins,
          nicolae_shop_stone, nicolae_shop_behind_doors, basic_altar,
          kennysheep_orc_chapel
Abyss:1:  evilmike_abyss_exit_chaos
Bazaar:   bazaar_minmay_noklob
Volcano:  volcano_caves

Skill      XL: |  1  2  3  4  5  6  7  8  9 10 11 12 13 14 15 16 |
---------------+-------------------------------------------------+-----
Armour         | 1 2 3 5 6 7 9 10 11 12 13 14 15 | 15.6
Fighting       | 4 5 6 7 8 9 10 11 12 13 14 15 16 | 16.3
Axes           | 4 5 6 7 8 9 10 11 12 13 14 15 16 | 16.0
Invocations    | 1 3 5 6 7 8 9 10 | 10.1
Throwing       | 1 2 3 4 5 6 7 8 9 |  9.6
Dodging        | 4 6 7 8 9 10 11 | 11.4
Shields        | 4 6 8 10 11 12 14 | 14.1
Stealth        | |  1.5

Action                   |  1- 3 |  4- 6 |  7- 9 | 10-12 | 13-15 | 16-18 || total
-------------------------+-------+-------+-------+-------+-------+-------++-------
Melee: Hand axe          |    89 |   133 |   243 |   110 |       |       ||   575
       Headbutt          |    10 |    26 |    56 |   127 |   284 |   201 ||   704
       Broad axe         |       |       |       |   397 |    87 |       ||   484
       War axe           |       |       |       |       |   966 |   611 ||  1577
Throw: Tomahawk          |       |       |     7 |    11 |    26 |    10 ||    54
Invok: Heroism           |       |       |       |     4 |    10 |     8 ||    22
       Finesse           |       |       |       |     1 |     6 |     9 ||    16
Evoke: Fan of gales      |       |       |       |       |       |     1 ||     1
  Use: Scroll            |       |     5 |     4 |     7 |    22 |     6 ||    44
       Potion            |       |       |     1 |     3 |     1 |     1 ||     6
 Stab: Sleeping          |     8 |       |     1 |       |       |       ||     9
       Distracted        |       |       |     1 |       |       |       ||     1
       Petrifying        |       |       |       |       |     2 |       ||     2
       Petrified         |       |       |       |       |     2 |       ||     2
       Confused          |       |       |       |       |       |     1 ||     1
  Eat: Chunk             |     2 |     5 |     6 |    15 |    13 |     9 ||    50
       Ration            |       |       |     1 |       |     5 |     2 ||     8
Armor: Robe              |    14 |     2 |       |       |       |       ||    16
       Chain mail        |       |    64 |    47 |     7 |       |       ||   118
       Troll leather arm |       |       |    55 |       |       |       ||    55
       Plate armour      |       |       |       |   301 |   509 |   358 ||  1168
Dodge: Dodged            |    59 |    48 |   119 |   227 |   474 |   368 ||  1295
       Deflected         |       |       |     4 |     7 |    12 |    13 ||    36
Block: Buckler           |       |       |       |   178 |   399 |   262 ||   839
       Large shield      |       |       |       |       |    14 |       ||    14
       Reflection        |       |       |       |       |     7 |    13 ||    20

Table legend:
 A = Spawn XP
 B = Non-spawn XP
 C = Spawn XP percentage of total XP
 D = Spawn monster count
 E = Non-spawn monster count
 F = Spawn count percentage of total count
 G = Total turns spent on level
                    A         B        C        D         E        F      G
               +---------+---------+-------+---------+---------+-------+---------
         Total |     600 |  220627 |   0.3 |       3 |     938 |   0.3 | 24839
               +---------+---------+-------+---------+---------+-------+---------
           D:1 |       0 |      75 |   0.0 |       0 |      39 |   0.0 |  1061
           D:2 |       0 |      19 |   0.0 |       0 |       8 |   0.0 |   805
           D:3 |       0 |     287 |   0.0 |       0 |      36 |   0.0 |   885
           D:4 |       0 |    1115 |   0.0 |       0 |      35 |   0.0 |   609
           D:5 |       0 |     240 |   0.0 |       0 |      18 |   0.0 |   692
           D:6 |       0 |    1577 |   0.0 |       0 |      19 |   0.0 |   804
           D:7 |       0 |    1536 |   0.0 |       0 |      19 |   0.0 |   806
           D:8 |       0 |    7622 |   0.0 |       0 |      46 |   0.0 |   895
           D:9 |       0 |    8079 |   0.0 |       0 |      42 |   0.0 |  1940
          D:10 |       0 |    5393 |   0.0 |       0 |      27 |   0.0 |  1136
          D:11 |       0 |    4275 |   0.0 |       0 |      26 |   0.0 |   857
          D:12 |       0 |    8166 |   0.0 |       0 |      31 |   0.0 |   761
          D:13 |       0 |   18934 |   0.0 |       0 |      54 |   0.0 |  1262
          D:14 |       0 |   15162 |   0.0 |       0 |      49 |   0.0 |   846
          D:15 |       0 |   25682 |   0.0 |       0 |      50 |   0.0 |  1397
        Lair:1 |       0 |    6774 |   0.0 |       0 |      14 |   0.0 |  1046
        Lair:2 |       0 |    5752 |   0.0 |       0 |      32 |   0.0 |   913
        Lair:3 |       0 |    9738 |   0.0 |       0 |      20 |   0.0 |  1278
        Lair:4 |       0 |    8951 |   0.0 |       0 |      26 |   0.0 |   724
        Lair:5 |       0 |    8485 |   0.0 |       0 |      32 |   0.0 |   808
        Lair:6 |       0 |   19941 |   0.0 |       0 |      88 |   0.0 |  1201
       Swamp:1 |       0 |   11845 |   0.0 |       0 |      39 |   0.0 |   671
       Swamp:2 |       0 |   11985 |   0.0 |       0 |      31 |   0.0 |   712
       Swamp:3 |       0 |   10942 |   0.0 |       0 |      26 |   0.0 |   681
       Swamp:4 |       0 |    2200 |   0.0 |       0 |       6 |   0.0 |    48
         Orc:1 |       0 |    4566 |   0.0 |       0 |      47 |   0.0 |   509
         Orc:2 |       0 |   15468 |   0.0 |       0 |      67 |   0.0 |  1156
       Abyss:1 |     600 |    4519 |  11.7 |       3 |       6 |  33.3 |   105
       Volcano |       0 |    1299 |   0.0 |       0 |       5 |   0.0 |    54
               +---------+---------+-------+---------+---------+-------+---------
